[Event "Titled Tuesday Blitz May 2 Early 2023"]
[White "Demchenko, Anton"]
[Black "Aaditya Dhingra"]
[WhiteFideId "4160258"]
[BlackFideId "25678191"]
[WhiteElo "2545"]
[BlackElo "2083"]
[Result "1-0"]
[Round "04"]
[TimeControl "180+2"]
[Date "2023.05.02"]
[WhiteClock "0:00:04"]
[BlackClock "0:00:14"]

1. e4 e5 2. Nf3 Nc6 3. Bc4 Nf6 4. d3 Be7 5. O-O O-O 6. Re1 d6 7. a4 Na5 8. Ba2 c5 9. h3 Nc6 10. Na3 h6 11. c3 Be6 12. Bxe6 fxe6 13. Bd2 Qd7 14. Nc4 Kh7 15. b4 cxb4 16. cxb4 Rae8 17. b5 Nd8 18. Rb1 Nf7 19. Be3 Ra8 20. Qb3 Rfc8 21. Bd2 Kg8 22. d4 exd4 23. Nxd4 d5 24. Ne3 Nxe4 25. Rbd1 Nxd2 26. Rxd2 Ng5 27. f3 Bf6 28. Ng4 Bxd4+ 29. Rxd4 Qd6 30. Qe3 Re8 31. Ne5 Rad8 32. h4 Nf7 33. Nxf7 Kxf7 34. Rf4+ Kg8 35. Rg4 e5 36. Qxa7 d4 37. Qxb7 Rd7 38. Qe4 d3 39. Rd1 d2 40. Rg6 Qd4+ 41. Qxd4 Rxd4 42. Rc6 Ra8 43. Rc2 Raxa4 44. Rdxd2 Rdb4 45. Rb2 e4 46. fxe4 Rxe4 47. b6 Ra8 48. b7 Rb8 49. Rdc2 Ree8 50. Rc7 Rf8 51. Rb4 Rfe8 52. Rg4 1-0


[Site "https://www.chess.com"]

[Event "Titled Tuesday Blitz May 2 Early 2023"]
[White "Dardha, Daniel"]
[Black "Prohaszka, Peter"]
[WhiteFideId "240990"]
[BlackFideId "726265"]
[WhiteElo "2581"]
[BlackElo "2626"]
[Result "1-0"]
[Round "04"]
[TimeControl "180+2"]
[Date "2023.05.02"]
[WhiteClock "0:00:02"]
[BlackClock "0:00:01"]

1. Nf3 d5 2. c4 c6 3. e3 Nf6 4. b3 Bf5 5. Bb2 e6 6. Be2 Nbd7 7. Nh4 Be4 8. d3 Bg6 9. Nc3 Bd6 10. g3 a6 11. Nxg6 hxg6 12. d4 Qe7 13. a3 O-O-O 14. c5 Bc7 15. b4 e5 16. a4 exd4 17. exd4 Ne4 18. Nxe4 Qxe4 19. O-O g5 20. Bd3 Qe6 21. Qf3 g4 22. Qg2 Rh3 23. Rfe1 Qh6 24. Bc1 Qh5 25. b5 Rh8 26. bxa6 Rxh2 27. Re8+ Rxe8 28. Qxh2 Re1+ 29. Kg2 Qxh2+ 30. Kxh2 bxa6 31. Bxa6+ Kb8 32. Rb1+ Ka7 33. Rb7+ Kxa6 34. Rxc7 Nf6 35. Be3 Ne4 36. Rxc6+ Ka5 37. Rc7 Kxa4 38. Rxf7 Re2 39. Kg2 Nd2 40. Bxd2 Rxd2 41. Rxg7 Rxd4 42. c6 Kb5 43. c7 Rc4 44. Rxg4 Rxc7 45. Rg8 Rd7 46. Kf1 Kc4 47. Ke2 Ra7 48. Rc8+ Kd4 49. Kf3 Rf7+ 50. Kg2 Kd3 51. Rd8 d4 52. f4 1-0


[Site "https://www.chess.com"]

[Event "Titled Tuesday Blitz May 2 Early 2023"]
[White "Rakotomaharo, Fy Antenaina"]
[Black "Galchenko, Matvey"]
[WhiteFideId "13100050"]
[BlackFideId "24175480"]
[WhiteElo "2427"]
[BlackElo "2423"]
[Result "1-0"]
[Round "04"]
[TimeControl "180+2"]
[Date "2023.05.02"]
[WhiteClock "0:00:03"]
[BlackClock "0:00:03"]

1. Nf3 c5 2. g3 Nc6 3. Bg2 g6 4. O-O Bg7 5. c4 e6 6. Nc3 Nge7 7. d3 O-O 8. a3 d5 9. Bd2 b6 10. Rb1 Bb7 11. b4 cxb4 12. axb4 Rc8 13. cxd5 exd5 14. Qb3 Re8 15. Rfc1 Qd7 16. Bf4 h6 17. e4 dxe4 18. dxe4 g5 19. Be3 Ng6 20. Rd1 Qg4 21. h3 Qe6 22. Qxe6 Rxe6 23. Nb5 Bf8 24. Nfd4 Nxd4 25. Nxd4 Ree8 26. f3 Ne5 27. Bf2 Rcd8 28. b5 h5 29. Nf5 Nd3 30. Be3 Bc5 31. Bxc5 bxc5 32. Bf1 Ne5 33. Nd6 Nxf3+ 34. Kf2 Rxd6 35. Rxd6 Bxe4 36. Rbd1 Nd4 37. Bc4 Re7 38. Re1 Kg7 39. Bd5 f5 40. Bxe4 fxe4 41. Rd5 Kf6 42. Rxc5 Rb7 43. Rxe4 Nxb5 44. Rb4 Nd6 45. Rxb7 Nxb7 46. Rc6+ Kf5 47. Ra6 Nd8 48. Rxa7 Ne6 49. Ra5+ Kf6 50. Ke3 Ng7 51. Ke4 Kg6 52. Ra6+ Kf7 53. Ke5 h4 54. g4 Ke7 55. Ra7+ Kf8 56. Kf6 Ne8+ 57. Kxg5 Nd6 58. Rd7 Ne4+ 59. Kxh4 Nf6 60. Ra7 Kg8 61. Kg5 Nd5 62. h4 Kf8 63. h5 Kg8 64. h6 Kh8 65. Kh5 Nf4+ 66. Kg5 Ne6+ 67. Kf6 Nf4 68. g5 Nh5+ 69. Kf5 Ng7+ 70. Kg6 Kg8 71. Ra8+ 1-0


[Site "https://www.chess.com"]

[Event "Titled Tuesday Blitz May 2 Early 2023"]
[White "Rustemov, Alexander"]
[Black "Koellner, Ruben Gideon"]
[WhiteFideId "4119002"]
[BlackFideId "12993093"]
[WhiteElo "2525"]
[BlackElo "2314"]
[Result "1-0"]
[Round "04"]
[TimeControl "180+2"]
[Date "2023.05.02"]
[WhiteClock "0:00:15"]
[BlackClock "0:00:04"]

1. d4 d6 2. Nf3 Nf6 3. c4 Nbd7 4. Nc3 e5 5. g3 Be7 6. Bg2 c6 7. Qc2 O-O 8. O-O a6 9. Rd1 Qc7 10. h3 Rd8 11. Be3 h6 12. Rac1 Re8 13. Nd2 Bf8 14. d5 c5 15. g4 Nh7 16. Nde4 Ndf6 17. Ng3 g6 18. Qd2 h5 19. gxh5 Nxh5 20. Nxh5 gxh5 21. Kh2 f5 22. Bh6 Qf7 23. Rg1 Kh8 24. Bxf8 Rxf8 25. f4 e4 26. Nd1 Bd7 27. Ne3 Rg8 28. Bh1 Qf6 29. Qc3 Qxc3 30. Rxc3 b5 31. Rxg8+ Kxg8 32. Ra3 b4 33. Ra5 Kf7 34. b3 Nf8 35. Ng2 Bc8 36. e3 Ng6 37. Kg3 Ke8 38. Nh4 Ne7 39. Kf2 Kd8 40. a3 Rb8 41. axb4 Rxb4 42. Ra3 Kc7 43. Bg2 Kb6 44. Bf1 a5 45. Be2 Bd7 46. Ke1 a4 47. bxa4 Bxa4 48. Ra1 Bb3 49. Rc1 Ka5 50. Kd2 Ra4 51. Kc3 Ba2 52. Rc2 Bb1 53. Rb2 Ba2 54. Rb7 Nc8 55. Rb8 Nb6 56. Nxf5 Bxc4 57. Rxb6 Bxe2 58. Rxd6 Ra3+ 59. Kd2 Bd3 60. Rd8 Bb5 61. d6 Kb4 62. Rb8 Rd3+ 63. Ke1 c4 64. Rc8 c3 65. Nd4 Ba4 66. Kf2 c2 67. Nxc2+ Bxc2 68. Rxc2 Rxd6 69. Rc8 Rd2+ 70. Ke1 Rh2 71. Re8 Kc3 72. Rxe4 Kd3 73. Re5 Rxh3 74. Kf2 Rh2+ 75. Kg3 Re2 76. Kh4 Rh2+ 77. Kg5 h4 78. Kg4 h3 79. f5 Rh1 80. Kg3 h2 81. Kg2 Rf1 82. Kxh2 Rf3 83. Kg2 Ke2 84. e4 Ke3 85. Re8 Rf4 86. Re6 Rg4+ 87. Kh3 Kf3 88. f6 Rg6 89. Kh4 Kf4 90. Kh5 Rg5+ 91. Kh6 Rg2 92. f7 Rh2+ 93. Kg7 Rg2+ 94. Kf6 Ke3 95. f8=Q Rf2+ 96. Kg7 Rg2+ 97. Kf7 Rf2+ 98. Rf6 Rxf6+ 99. Kxf6 1-0


[Site "https://www.chess.com"]

[Event "Titled Tuesday Blitz May 2 Early 2023"]
[White "Wadsworth, Matthew J"]
[Black "Bacrot, Etienne"]
[WhiteFideId "415804"]
[BlackFideId "605506"]
[WhiteElo "2330"]
[BlackElo "2663"]
[Result "0-1"]
[Round "04"]
[TimeControl "180+2"]
[Date "2023.05.02"]
[WhiteClock "0:00:26"]
[BlackClock "0:00:09"]

1. c4 e6 2. g3 d5 3. Bg2 Nf6 4. Nf3 Be7 5. O-O O-O 6. b3 b6 7. d4 Bb7 8. Nc3 Nbd7 9. Bb2 Ne4 10. Nxe4 dxe4 11. Nd2 f5 12. e3 c5 13. f3 cxd4 14. exd4 e3 15. Nb1 f4 16. Qe2 Bd6 17. Bh3 Qe7 18. Nc3 g5 19. Ne4 Bxe4 20. fxe4 e5 21. Qg4 Rf7 22. Qxd7 Qxd7 23. Bxd7 Rxd7 24. c5 e2 25. Rf2 bxc5 26. dxe5 Bxe5 27. Rxe2 f3 28. Rc2 Bxb2 29. Rxb2 Re8 30. h3 Rxe4 31. Rf2 Rd3 32. Raf1 Ree3 33. g4 Kf7 34. Kh2 Ke6 35. Kg3 Ke5 36. Rxf3 Rxf3+ 37. Rxf3 Ke4 38. Rxd3 Kxd3 39. h4 h6 40. hxg5 hxg5 41. Kf3 a5 42. Kf2 Kc3 43. Ke3 Kb2 44. Ke4 Kxa2 45. Kf5 Kxb3 46. Kxg5 a4 47. Kh6 a3 48. g5 a2 49. g6 a1=Q 50. g7 Qxg7+ 0-1


[Site "https://www.chess.com"]

[Event "Titled Tuesday Blitz May 2 Early 2023"]
[White "Mikhailovsky, Vladimir"]
[Black "Soham Kamotra"]
[WhiteFideId "34105414"]
[BlackFideId "46647490"]
[WhiteElo "2275"]
[BlackElo "2209"]
[Result "1-0"]
[Round "04"]
[TimeControl "180+2"]
[Date "2023.05.02"]
[WhiteClock "0:00:04"]
[BlackClock "0:00:09"]

1. e4 c6 2. c4 d5 3. cxd5 cxd5 4. exd5 Nf6 5. Qa4+ Nbd7 6. Nc3 g6 7. Nf3 Bg7 8. Bc4 O-O 9. d3 a6 10. Qa3 b6 11. O-O Bb7 12. Re1 b5 13. Bb3 Rc8 14. Qxe7 Nc5 15. Bg5 h6 16. Bh4 g5 17. Bg3 Nxd5 18. Bxd5 Bxd5 19. Bd6 Bxf3 20. Bxc5 Ba8 21. d4 Qxe7 22. Bxe7 Rfe8 23. Rad1 b4 24. Na4 Bd5 25. b3 Rc2 26. Bxb4 Rxe1+ 27. Bxe1 Rxa2 28. Nc5 Rc2 29. Nxa6 Bxb3 30. Nc5 Bc4 31. h3 Bf8 32. Ne4 Be2 33. Rb1 Be7 34. Ng3 Bd3 35. Rd1 Bg6 36. Ba5 Bd6 37. Bb6 Rc4 38. Nf1 Bf4 39. Ne3 Rc6 40. Bc5 Rc8 41. Nd5 Kg7 42. Ne7 Rd8 43. Nxg6 Kxg6 44. g3 Bd6 45. Kg2 Bxc5 46. d5 Rd6 47. Kf3 Kf5 48. g4+ Ke5 49. h4 Rxd5 50. Re1+ Kf6 51. hxg5+ hxg5 52. Rc1 Bd6 53. Ke4 Ke6 54. Rc8 Re5+ 55. Kf3 f6 56. Re8+ Be7 57. Ra8 Rd5 58. Ra6+ Bd6 59. Ra4 Ke5 60. Re4# 1-0


[Site "https://www.chess.com"]

[Event "Titled Tuesday Blitz May 2 Early 2023"]
[White "Kosakowski, Jakub"]
[Black "Munkhgal, Gombosuren"]
[WhiteFideId "1185080"]
[BlackFideId "4901266"]
[WhiteElo "2488"]
[BlackElo "2528"]
[Result "1-0"]
[Round "04"]
[TimeControl "180+2"]
[Date "2023.05.02"]
[WhiteClock "0:00:50"]
[BlackClock "0:00:03"]

1. d4 Nf6 2. Nf3 g6 3. Nbd2 d5 4. b4 Bg7 5. e3 O-O 6. a4 a5 7. b5 c5 8. bxc6 bxc6 9. Be2 Ba6 10. O-O Bxe2 11. Qxe2 Na6 12. Ba3 Qc7 13. Rab1 Nb4 14. c3 Na6 15. Ne5 Nd7 16. Nxd7 Qxd7 17. Rb6 Nc7 18. Rfb1 c5 19. Bxc5 Qxa4 20. Bxe7 Rfe8 21. Bd6 Ne6 22. Qd3 Rec8 23. h3 Qd7 24. Ba3 a4 25. c4 dxc4 26. Nxc4 Qd5 27. Nd6 Rd8 28. R6b5 Qa2 29. Rb7 Bf8 30. R7b2 Qd5 31. Ne4 Bg7 32. Rb5 Qa2 33. Be7 Re8 34. Nf6+ Bxf6 35. Bxf6 a3 36. d5 Nc7 37. R5b3 h6 38. Ra1 Qxa1+ 39. Bxa1 a2 40. Qc3 Kf8 41. Qxc7 Rec8 42. Qd6+ Kg8 43. Qf6 Rc1+ 44. Kh2 Rxa1 45. Qxa1 1-0


[Site "https://www.chess.com"]

[Event "Titled Tuesday Blitz May 2 Early 2023"]
[White "Csonka, Balazs"]
[Black "Ingebretsen, Jens E"]
[WhiteFideId "742910"]
[BlackFideId "1522965"]
[WhiteElo "2404"]
[BlackElo "2213"]
[Result "1-0"]
[Round "04"]
[TimeControl "180+2"]
[Date "2023.05.02"]
[WhiteClock "0:00:45"]
[BlackClock "0:00:04"]

1. e4 c5 2. Nc3 Nc6 3. Bb5 g6 4. Bxc6 dxc6 5. d3 Bg7 6. f4 Nf6 7. Nf3 O-O 8. O-O Nd7 9. Be3 b6 10. Qe1 Nf6 11. h3 Re8 12. g4 h5 13. g5 Nh7 14. Kh2 e5 15. fxe5 Be6 16. Qg3 Qd7 17. Ne2 Rad8 18. b3 Nf8 19. Bc1 a5 20. Bb2 Qc7 21. Nh4 Nd7 22. Rf6 Nxf6 23. gxf6 Bh6 24. Nxg6 Kh7 25. Ne7 Rg8 26. Nxg8 Rxg8 27. Qh4 Rg5 28. Rg1 Rxg1 29. Nxg1 Qd7 30. Nf3 Kg6 31. Qg3+ Kh7 32. Ng5+ Bxg5 33. Qxg5 Bg4 34. Qg7# 1-0


[Site "https://www.chess.com"]

[Event "Titled Tuesday Blitz May 2 Early 2023"]
[White "Martinez Alcantara, Jose Eduardo"]
[Black "Arencibia Monduy, Antonio"]
[WhiteFideId "3805662"]
[BlackFideId "3507939"]
[WhiteElo "2711"]
[BlackElo "2122"]
[Result "1-0"]
[Round "04"]
[TimeControl "180+2"]
[Date "2023.05.02"]
[WhiteClock "0:01:40"]
[BlackClock "0:00:01"]

1. e4 e6 2. d4 d5 3. Nd2 dxe4 4. Nxe4 Nd7 5. Nf3 Ngf6 6. Nxf6+ Nxf6 7. Bd3 Be7 8. Qe2 O-O 9. Bd2 b6 10. O-O-O Bb7 11. Kb1 c5 12. dxc5 Qc7 13. Ne5 bxc5 14. f4 Rab8 15. Rhe1 Bd5 16. c4 Qb7 17. Bc3 Bxg2 18. Rg1 Be4 19. Nd7 Bg6 20. Nxf8 Bxf8 21. f5 Bh5 22. Qe5 Ng4 23. Qf4 e5 24. Qg5 g6 25. Rxg4 Qf3 26. Rgg1 Bg7 27. Qg3 Qb7 28. fxg6 hxg6 29. Rde1 e4 30. Bxe4 1-0


[Site "https://www.chess.com"]

[Event "Titled Tuesday Blitz May 2 Early 2023"]
[White "Nguyen, Ngoc Truong Son"]
[Black "Pajeken, Jakob Leon"]
[WhiteFideId "12401110"]
[BlackFideId "12942839"]
[WhiteElo "2556"]
[BlackElo "2414"]
[Result "1-0"]
[Round "04"]
[TimeControl "180+2"]
[Date "2023.05.02"]
[WhiteClock "0:00:04"]
[BlackClock "0:00:08"]

1. b3 Nf6 2. Bb2 e6 3. e3 c5 4. f4 b6 5. Nf3 Bb7 6. Nc3 d6 7. Qe2 Nbd7 8. O-O-O Qc7 9. Kb1 a6 10. Rg1 d5 11. g4 O-O-O 12. Bg2 Nxg4 13. Ng5 Nh6 14. Bh3 Re8 15. Qf1 Kb8 16. f5 e5 17. e4 dxe4 18. Ngxe4 Ng8 19. Bg2 f6 20. Qd3 Nh6 21. Nd5 Qc8 22. Ne3 Nf7 23. Nc3 Bxg2 24. Rxg2 b5 25. a4 b4 26. Ne4 Qb7 27. Rdg1 Rd8 28. Qd5 Nb6 29. Qxb7+ Kxb7 30. Rxg7 Bxg7 31. Rxg7 Rd7 32. Nxf6 Rc7 33. Ne4 Rf8 34. a5 Nc8 35. Nd5 Rc6 36. Bxe5 Rh6 37. Nxc5+ Kc6 38. Ne6 Nxe5 39. Nxb4+ Kb5 40. Nxf8 Kxb4 41. Rxh7 Rf6 42. Ne6 Rxf5 43. Kb2 Kxa5 44. Rb7 Nb6 45. c3 Rf2 46. b4+ Kb5 47. Nd4+ Kc4 48. Kc2 Nd5 49. Rb8 Nf4 50. Rc8+ Kd5 51. Rc5+ Ke4 52. Nb3 Nf3 53. Rc8 Rxh2 54. Re8+ Kf5 55. Rf8+ Kg4 56. Rf6 Kg3 57. Rxa6 Kf2 58. Rf6 Nd5 59. Rf7 Ke1 60. Rf8 Nxd2 61. Nd4 Ne4+ 62. Kd3 Ndxc3 63. Nf3+ Kd1 64. Nxh2 1-0


[Site "https://www.chess.com"]

[Event "Titled Tuesday Blitz May 2 Early 2023"]
[White "Maghsoodloo, Parham"]
[Black "Ezat, Mohamed"]
[WhiteFideId "12539929"]
[BlackFideId "10600906"]
[WhiteElo "2647"]
[BlackElo "2386"]
[Result "1-0"]
[Round "04"]
[TimeControl "180+2"]
[Date "2023.05.02"]
[WhiteClock "0:00:20"]
[BlackClock "0:00:02"]

1. e4 c6 2. d4 d5 3. exd5 cxd5 4. c3 Nc6 5. Bd3 Qc7 6. h3 g6 7. Nf3 Nh6 8. O-O Bf5 9. Na3 a6 10. Nc2 Bg7 11. Re1 Bxd3 12. Qxd3 O-O 13. Ne3 Rad8 14. Ng4 Nxg4 15. hxg4 e5 16. dxe5 Nxe5 17. Nxe5 Bxe5 18. Bg5 Rd7 19. g3 d4 20. Rad1 b5 21. Re4 Bg7 22. cxd4 Rd5 23. Be7 Re8 24. Bc5 Rxe4 25. Qxe4 Qd7 26. b4 h5 27. gxh5 Rxh5 28. d5 Re5 29. Qf3 Rf5 30. Qg2 Be5 31. d6 Rf6 32. Qe4 Re6 33. Qd5 Bf6 34. Kg2 Re5 35. Qf3 Rf5 36. Qa8+ Kg7 37. Rh1 Bd8 38. Bd4+ f6 39. Bc5 Qe6 40. Rh4 g5 41. Qb7+ Kg8 42. Qh7+ Kf8 43. d7+ Rxc5 44. Qh8+ Kf7 45. Rh7+ Kg6 46. bxc5 Qe4+ 47. Kh2 Qf3 48. Rg7+ Kf5 49. Qh7+ Ke5 50. Qc2 Qh5+ 51. Kg2 g4 52. Qh7 Qf5 53. Qxf5+ Kxf5 54. Rg8 1-0


[Site "https://www.chess.com"]

[Event "Titled Tuesday Blitz May 2 Early 2023"]
[White "Tasev, Dejan"]
[Black "Ibarra Jerez, Jose Carlos"]
[WhiteFideId "936618"]
[BlackFideId "2226332"]
[WhiteElo "2244"]
[BlackElo "2638"]
[Result "1/2-1/2"]
[Round "04"]
[TimeControl "180+2"]
[Date "2023.05.02"]
[WhiteClock "0:00:10"]
[BlackClock "0:00:07"]

1. e4 c5 2. Nf3 Nc6 3. Nc3 e6 4. g3 d5 5. exd5 exd5 6. Bg2 d4 7. Ne2 d3 8. cxd3 Nb4 9. O-O Nxd3 10. Ne1 Nf6 11. Nxd3 Qxd3 12. Nf4 Qd6 13. Re1+ Be7 14. b3 O-O 15. Bb2 Bg4 16. Qc2 Qd7 17. h3 Bf5 18. Qc3 b5 19. g4 b4 20. Qe5 Bd6 21. Qxf5 Qxf5 22. gxf5 Bxf4 23. Bxa8 Rxa8 24. Bxf6 gxf6 25. Rec1 Be5 26. Rab1 Bd4 27. Re1 Rd8 28. Re4 Rd5 29. Rf4 Kf8 30. Kf1 Be5 31. Rc4 Rxd2 32. Re1 Bd4 33. Re2 Rd1+ 34. Kg2 Kg7 35. Rcc2 Kf8 36. Kf3 Rg1 37. Re4 Rg5 38. Rf4 Ke7 39. Ke4 Kd6 40. Rg4 Rh5 41. h4 a5 42. f3 Bc3 43. Rc1 Bd4 44. Rh1 Ke7 45. Rg8 Bf2 46. Kf4 Kd6 47. Ra8 c4 48. bxc4 Bb6 49. Ra6 Kc6 50. Kg4 Rh6 51. h5 Kb7 52. Rxb6+ Kxb6 53. Rc1 Kc5 54. f4 a4 55. Rc2 Kd4 56. c5 b3 57. axb3 axb3 58. Rb2 Kxc5 59. Rxb3 Kd6 60. Rb7 Kd5 61. Rxf7 Kd6 62. Rf8 Ke7 63. Rc8 Kd6 64. Re8 Kd7 65. Re6 Kd8 66. Re1 Kd7 67. Rh1 Kd6 68. Kf3 Kd5 69. Ke3 Kc4 70. Ke4 Kc5 71. Rd1 Rxh5 72. Rc1+ Kd6 73. Ra1 Rh2 74. Ra6+ Ke7 75. Ra7+ Kd6 76. Ra6+ Ke7 77. Ra7+ Kf8 78. Kd5 Re2 79. Rxh7 Re1 80. Rd7 Re2 81. Rd6 Kf7 82. Rd7+ Kf8 83. Rb7 Re1 84. Kd6 Re4 85. Rb8+ Kg7 86. Rb7+ Kh6 87. Rf7 Rxf4 88. Ke6 Ra4 89. Rxf6+ Kg7 90. Rg6+ Kf8 91. Kf6 Ra6+ 92. Kg5 Ra1 93. Rb6 Rf1 94. Kg6 Rf2 95. Rb8+ Ke7 96. Rb7+ Kf8 97. Kf6 Kg8 98. Rb8+ Kh7 99. Ke6 Kg7 100. Rb7+ Kf8 101. Rb8+ Kg7 102. Rb3 Kf8 103. Rh3 Rf1 104. Kf6 Kg8 105. Rc3 Rf2 106. Rc7 Rf1 107. Rc8+ Kh7 108. Rc4 Kg8 109. Rc5 Rf2 110. Kg6 Rg2+ 111. Kf6 Rf2 112. Rc8+ Kh7 113. Rc4 Kg8 114. Rh4 Rf1 115. Kg6 Rg1+ 116. Kf6 Rf1 117. Rb4 Rf2 118. Rb7 Rf1 119. Rb5 Rf2 120. Ke6 Re2+ 121. Kf6 Rf2 122. Rb4 Rf1 123. Rd4 Rf2 124. Rd7 Rf1 125. Rd4 Rf2 126. Rh4 Rf1 1/2-1/2


[Site "https://www.chess.com"]

[Event "Titled Tuesday Blitz May 2 Early 2023"]
[White "Janaszak, Dawid"]
[Black "Daneshvar, Bardiya"]
[WhiteFideId "1119206"]
[BlackFideId "12576468"]
[WhiteElo "2220"]
[BlackElo "2468"]
[Result "0-1"]
[Round "04"]
[TimeControl "180+2"]
[Date "2023.05.02"]
[WhiteClock "0:00:01"]
[BlackClock "0:00:04"]

1. e4 a6 2. d4 h6 3. Bd3 c5 4. d5 d6 5. f4 Nd7 6. Nf3 b5 7. e5 Nb6 8. e6 Nf6 9. exf7+ Kxf7 10. Nc3 c4 11. Be2 Bb7 12. O-O Nbxd5 13. Kh1 Nxc3 14. bxc3 e6 15. Nd4 g6 16. Bf3 d5 17. a4 Bg7 18. Re1 Re8 19. axb5 axb5 20. Rxa8 Bxa8 21. Nxb5 Qd7 22. Nd4 Bb7 23. Ba3 Kg8 24. h3 Ne4 25. Bxe4 dxe4 26. Qg4 Qf7 27. Nb5 h5 28. Qg3 Ra8 29. Nd6 Qd7 30. Nxb7 Qxb7 31. Bc5 Qd5 32. Bd4 Bxd4 33. cxd4 Kh7 34. Qe3 Ra2 35. Qxe4 Ra1 36. Kh2 Rxe1 37. Qxe1 Qxd4 38. Qxe6 Qxf4+ 39. Kh1 Qc1+ 40. Kh2 Qxc2 41. Qf7+ Kh6 42. Qf4+ g5 43. Qf8+ Kg6 44. Qe8+ Kf5 45. Qxh5 Qe4 46. Qh7+ Kf4 47. Qf7+ Ke3 48. Qa7+ Qd4 49. Qe7+ Kd3 50. Qxg5 c3 51. Qg6+ Kd2 52. Qh6+ Kd1 53. Qh5+ Kc1 54. Qh6+ Qd2 55. Qf6 Qe3 56. h4 c2 57. Qa1+ Kd2 58. Qb2 Qf4+ 59. g3 Qf2+ 60. Kh3 Qf5+ 61. g4 Qf3+ 62. Kh2 Qxg4 63. Qa2 Qxh4+ 64. Kg2 Qb4 65. Kf2 Qf4+ 66. Kg2 Qe4+ 67. Kh2 Kd1 68. Qb3 Qf4+ 69. Kg2 Qd2+ 70. Kh1 Qd4 71. Qf3+ Kd2 0-1


[Site "https://www.chess.com"]

[Event "Titled Tuesday Blitz May 2 Early 2023"]
[White "Alekseenko, Kirill"]
[Black "Berezin, Viktor"]
[WhiteFideId "4135539"]
[BlackFideId "14107872"]
[WhiteElo "2683"]
[BlackElo "2310"]
[Result "1-0"]
[Round "04"]
[TimeControl "180+2"]
[Date "2023.05.02"]
[WhiteClock "0:01:04"]
[BlackClock "0:00:04"]

1. d4 Nf6 2. Nc3 g6 3. e4 d6 4. f4 Bg7 5. Nf3 O-O 6. Bd3 Na6 7. O-O c5 8. d5 Rb8 9. Qe2 Nc7 10. a4 Bg4 11. h3 Bxf3 12. Rxf3 a6 13. a5 b5 14. axb6 Rxb6 15. Bc4 Nb5 16. Qe1 Nd4 17. Rf2 e6 18. dxe6 fxe6 19. Rxa6 Rxa6 20. Bxa6 d5 21. Bf1 Qb6 22. b3 Ra8 23. Be3 Qb4 24. exd5 exd5 25. Bxd4 Qxd4 26. Qe6+ Kh8 27. Nb5 Qd1 28. Nd6 Rf8 29. Kh2 Qh5 30. Be2 Qh4 31. g3 Qh6 32. Nf7+ Rxf7 33. Qxf7 Ne4 34. Rf3 Bd4 35. Qxd5 Nf2 36. Qd8+ Kg7 37. Qd7+ Kg8 38. Bc4+ Kh8 39. Qe8+ Kg7 40. Qf7+ Kh8 41. Qg8# 1-0


[Site "https://www.chess.com"]

[Event "Titled Tuesday Blitz May 2 Early 2023"]
[White "Aslanov, Umid"]
[Black "Kramnik, Vladimir"]
[WhiteFideId "13412620"]
[BlackFideId "4101588"]
[WhiteElo "2013"]
[BlackElo "2712"]
[Result "0-1"]
[Round "04"]
[TimeControl "180+2"]
[Date "2023.05.02"]
[WhiteClock "0:00:08"]
[BlackClock "0:00:19"]

1. e4 c5 2. Nf3 e6 3. d4 cxd4 4. Nxd4 a6 5. Bd3 Nf6 6. O-O Qc7 7. c4 Nc6 8. Nxc6 dxc6 9. Nc3 e5 10. h3 Bc5 11. Qe2 Be6 12. a3 O-O 13. Bg5 Rad8 14. Rad1 Rd7 15. Kh1 Be7 16. f4 exf4 17. e5 Ne8 18. Bxf4 b5 19. cxb5 axb5 20. Ne4 Qd8 21. Bc2 Bd5 22. b3 Nc7 23. Qg4 Ne6 24. Be3 Kh8 25. Nf6 Bxf6 26. exf6 g6 27. Bh6 Re8 28. h4 c5 29. h5 Nd4 30. hxg6 fxg6 31. Rxd4 cxd4 32. Qxd4 Bxg2+ 33. Kxg2 Rxd4 34. f7 Rf8 35. Bxf8 Qxf8 0-1


[Site "https://www.chess.com"]

[Event "Titled Tuesday Blitz May 2 Early 2023"]
[White "Mekhitarian, Krikor Sevag"]
[Black "Al-Tarboush, Ward"]
[WhiteFideId "2107660"]
[BlackFideId "7601450"]
[WhiteElo "2604"]
[BlackElo "2265"]
[Result "1/2-1/2"]
[Round "04"]
[TimeControl "180+2"]
[Date "2023.05.02"]
[WhiteClock "0:00:02"]
[BlackClock "0:01:04"]

1. Nf3 Nf6 2. c4 b6 3. g3 Bb7 4. Bg2 c5 5. O-O g6 6. Nc3 Bg7 7. d4 cxd4 8. Qxd4 O-O 9. Rd1 Nc6 10. Qf4 Rc8 11. b3 d6 12. Bb2 Qd7 13. Rac1 Qf5 14. Qxf5 gxf5 15. Nh4 e6 16. Nb5 Ne8 17. Bxg7 Kxg7 18. Nxd6 Nxd6 19. Rxd6 Rfd8 20. Rcd1 Rxd6 21. Rxd6 Rd8 22. Rxd8 Nxd8 23. Bxb7 Nxb7 24. Nf3 Kf6 25. Kf1 e5 26. Ke1 Nc5 27. Nd2 e4 28. Nb1 Ke5 29. Kd2 f4 30. Nc3 h5 31. Nb5 a6 32. Nc3 Ne6 33. Nd5 fxg3 34. hxg3 b5 35. Ne3 f5 36. Kc3 f4 37. Ng2 e3 38. gxf4+ Nxf4 39. Nxe3 Nxe2+ 40. Kd2 Nd4 41. cxb5 axb5 42. Kd3 h4 43. f4+ Kxf4 44. Ng2+ Ke5 45. Nxh4 Kd5 46. Ng2 Nc6 47. Ne3+ Kc5 48. Nc2 Nb4+ 49. Nxb4 Kxb4 50. Kc2 Ka3 51. Kc3 Kxa2 52. Kb4 Kb2 53. Kxb5 Kxb3 1/2-1/2


[Site "https://www.chess.com"]

[Event "Titled Tuesday Blitz May 2 Early 2023"]
[White "Danielyan, Vahe"]
[Black "Atabayev, Saparmyrat"]
[WhiteFideId "13304828"]
[BlackFideId "14000571"]
[WhiteElo "2423"]
[BlackElo "2448"]
[Result "1-0"]
[Round "04"]
[TimeControl "180+2"]
[Date "2023.05.02"]
[WhiteClock "0:00:35"]
[BlackClock "0:00:34"]

1. d4 d5 2. c4 e6 3. Nc3 Nf6 4. Bg5 Be7 5. Nf3 O-O 6. e3 a6 7. Qc2 h6 8. Bxf6 Bxf6 9. h4 dxc4 10. Bxc4 b5 11. Be2 Nd7 12. g4 Be7 13. g5 h5 14. O-O-O Bb7 15. Rhg1 g6 16. Ne5 Nb6 17. Nxg6 b4 18. Nxf8 Bxf8 19. Ne4 Bg7 20. Nf6+ Kf8 21. Qc5+ Qd6 22. Qxd6+ cxd6 23. Kb1 a5 24. Rc1 a4 25. Rc7 Bd5 26. Rgc1 Bxf6 27. gxf6 a3 28. b3 Be4+ 29. Ka1 Kg8 30. Rg1+ Kh8 31. Rxf7 Rc8 32. Re7 Nd5 33. Rxe6 Bf5 34. Rxd6 Nc3 35. Bc4 Ne4 36. Rb6 Kh7 37. f7 Bg4 38. Rxg4 hxg4 39. Re6 Nxf2 40. Re8 g3 41. f8=Q g2 42. Re7+ Kg6 43. Qg7+ Kf5 44. Qg5# 1-0


[Site "https://www.chess.com"]

[Event "Titled Tuesday Blitz May 2 Early 2023"]
[White "Leenhouts, Koen"]
[Black "Hayrapetyan, Hovik"]
[WhiteFideId "1008439"]
[BlackFideId "13302639"]
[WhiteElo "2409"]
[BlackElo "2348"]
[Result "0-1"]
[Round "04"]
[TimeControl "180+2"]
[Date "2023.05.02"]
[WhiteClock "0:00:01"]
[BlackClock "0:00:57"]

1. d4 Nf6 2. c4 e6 3. Nc3 Bb4 4. Qc2 d5 5. cxd5 exd5 6. Bg5 h6 7. Bh4 c5 8. e3 Nc6 9. Nf3 g5 10. Bg3 c4 11. Be2 Ne4 12. O-O Bxc3 13. bxc3 Bf5 14. Qc1 Qa5 15. Ne5 Nxe5 16. Bxe5 f6 17. Bh5+ Ke7 18. Bg3 Nxc3 19. Qd2 Bd3 20. Rfe1 b6 21. e4 dxe4 22. f3 f5 23. Be5 Rhd8 24. f4 g4 25. Qf2 Nd5 26. Qh4+ Kd7 27. Bg6 Ne7 28. Qf6 Qd5 29. Bxf5+ Nxf5 30. Qxf5+ Kc6 31. Qg6+ Kb7 32. f5 Rd7 33. f6 Rg8 34. Qf5 Rf7 35. Rac1 Rg5 36. Qf4 Qe6 37. Rxe4 Bxe4 38. Qxe4+ Ka6 39. a4 Rxf6 40. Qb1 Rxe5 41. dxe5 Qxe5 42. Rxc4 Qe3+ 43. Kh1 Qb3 44. Qc1 Qd3 45. Rd4 Rf1+ 0-1


[Site "https://www.chess.com"]

[Event "Titled Tuesday Blitz May 2 Early 2023"]
[White "Reprintsev, Alexander"]
[Black "Ohanyan, Emin"]
[WhiteFideId "14100541"]
[BlackFideId "13312022"]
[WhiteElo "2211"]
[BlackElo "2402"]
[Result "0-1"]
[Round "04"]
[TimeControl "180+2"]
[Date "2023.05.02"]
[WhiteClock "0:02:37"]
[BlackClock "0:02:20"]

1. e4 e5 2. Nf3 Nc6 3. Bc4 Nf6 4. Ng5 Bc5 5. Bxf7+ Ke7 6. Bd5 Rf8 7. O-O d6 8. c3 Qe8 9. d4 Bb6 10. b4 Qg6 11. b5 Nxd4 12. cxd4 Bxd4 13. Nc3 Bxc3 14. Rb1 h6 15. Qc2 Nxd5 16. exd5 Qxc2 0-1


[Site "https://www.chess.com"]